 Dungeon Crawl Stone Soup version 0.30.2 (webtiles) character file.

Game seed: 11673866604642969619

67 porpoise the Chopper (level 4, -12/40 HPs)
             Began as a Hill Orc Fighter on Mar 3, 2024.
             Mangled by a gnoll
             ... wielding a +0 flail
              (15 damage)
             ... on level 2 of the Dungeon.
             The game lasted 00:02:42 (796 turns).

porpoise the Chopper (Hill Orc Fighter)              Turns: 796, Time: 00:02:42

Health: -12/40     AC:  8    Str: 20    XL:     4   Next: 16%
Magic:  4/4        EV:  9    Int:  8    God:
Gold:   63         SH:  4    Dex: 10    Spells: 3/3 levels left

rFire   . . .        a - +0 war axe
rCold   . . .        c - +0 buckler
rNeg    . . .        b - +0 scale mail
rPois   .            (no helmet)
rElec   .            j - scarf {shadows}
rCorr   .            (no gloves)
SInv    .            k - +0 pair of boots
Will    .....        (no amulet) Stlth
                     (no ring)
HPRegen 0.26/turn    (no ring)
MPRegen 0.09/turn

%: no passive effects
@: no status effects
A: no striking features
a: no special abilities


You were on level 2 of the Dungeon.
You visited 1 branch of the dungeon, and saw 2 of its levels.

You collected 63 gold pieces.

Inventory:

Hand Weapons
 a - a +0 war axe (weapon)
Armour
 b - a +0 scale mail (worn)
 c - a +0 buckler (worn)
 j - a scarf of shadows (worn)
 k - a +0 pair of boots (worn)
Scrolls
 g - a scroll of identify
 l - 2 scrolls of noise
Potions
 d - a potion of might
 e - 3 potions of flight
 f - a potion of haste
 h - 3 potions of curing
 i - a potion of mutation


   Skills:
 + Level 4.3 Fighting
 * Level 4.4 Axes
 - Level 3.2 Armour
 + Level 3.9 Shields


You had 3 spell levels left.
You didn't know any spells.
Your spell library was empty.

Dungeon Overview and Level Annotations

Branches:
Dungeon (2/15)

Altars:


Message History

You hit the gnoll. The gnoll barely misses you.
The gnoll hits you with a +0 flail.
You have reached level 4!
You closely miss the gnoll.
The gnoll is moderately wounded.
The gnoll closely misses you.
You closely miss the gnoll.
The gnoll is moderately wounded.
The gnoll completely misses you.
You hit the gnoll.
The gnoll is heavily wounded.
You block the gnoll's attack.
You hit the gnoll.
The gnoll is severely wounded.
The gnoll barely misses you. The gnoll hits you with a +0 flail!
You closely miss the gnoll.
The gnoll is severely wounded.
The gnoll misses you.
You barely miss the gnoll.
The gnoll is heavily wounded.
The gnoll hits you with a +0 flail.
You hit the gnoll.
The gnoll is severely wounded.
The gnoll goes berserk!
You block the gnoll's attack. The gnoll hits you with a +0 flail.
You hit the gnoll.
The gnoll is severely wounded.
The gnoll hits you with a +0 flail!
* * * LOW HITPOINT WARNING * * *
The gnoll closely misses you.
You closely miss the gnoll.
The gnoll is severely wounded.
The gnoll closely misses you. The gnoll hits you but does no damage.
You hit the gnoll but do no damage.
The gnoll is severely wounded.
The gnoll hits you but does no damage.
You closely miss the gnoll.
The gnoll is severely wounded.
You block the gnoll's attack. The gnoll hits you with a +0 flail!
You die...

.#####..###.........#
..........#<........#
.#.....##...).)....##
####..##.#.#.....##
#................
#.......######### ..
..#.##....#
....##)#...#....
.....g@..#.####..
..#.#.()...# .
#.....#.....
##....##.... #.....
.... .....?###.#
........ .#


You could see a gnoll (berserk).

Vanquished Creatures
  2 gnolls (D:2)
  2 dart slugs (D:1)
  A ball python (D:1)
  3 bats (D:1)
  4 endoplasms
  3 giant cockroaches (D:1)
  8 goblins
  A hobgoblin (D:1)
  2 jackals (D:1)
  4 kobolds
  2 quokkas (D:1)
  A frilled lizard (D:1)
  2 rats (D:1)
35 creatures vanquished.

Notes
Turn   | Place    | Note
-------+----------+-------------------------------------------
     0 | D:1      | porpoise the Hill Orc Fighter began the quest for the Orb.
     0 | D:1      | Reached XP level 1. HP: 19/19 MP: 1/1
    41 | D:1      | Found a faded altar of an unknown god.
   117 | D:1      | Reached XP level 2. HP: 25/27 MP: 2/2
   451 | D:1      | Reached XP level 3. HP: 33/33 MP: 3/3
   786 | D:2      | Reached XP level 4. HP: 30/40 MP: 4/4
   793 | D:2      | HP: 2/40 [gnoll/+0 flail (15)]
   796 | D:2      | Mangled by a gnoll

Illustrated notes

Levels and vault maps discovered:
D:1:      minmay_arrival_open_corners, layout_loops_cross,
          shapermc_ecumenical_altar_notcrosses, minmay_quantized
D:2:      layout_rooms, grunt_ministairs_10, uniq_sigmund

Skill      XL: |  1  2  3 |
---------------+----------+-----
Axes           | 3 4 |  4.4
Fighting       | 4 |  4.3
Armour         | |  3.2
Shields        | |  3.9

Action                     |  1- 3 |  4- 6 || total
---------------------------+-------+-------++-------
  Melee: War axe           |    92 |    11 ||   103
    Use: Scroll            |     5 |       ||     5
 Armour: Scale mail        |    38 |     2 ||    40
  Dodge: Dodged            |    47 |     6 ||    53
  Block: Buckler           |    15 |     3 ||    18
